 Dungeon Crawl Stone Soup version 0.29.1-14-g9c671dbff4 (webtiles) character file.

Game seed: 16547026700526797911

76 Mickster the Chopper (level 4, 0/41 HPs)
             Began as a Hill Orc Berserker on Feb 14, 2023.
             Was a Believer of Trog.
             Slain by a gnoll
             ... wielding a +0 spear
              (2 damage)
             ... on level 3 of the Dungeon on Feb 15, 2023.
             The game lasted 00:17:29 (1414 turns).

Mickster the Chopper (Hill Orc Berserker)           Turns: 1414, Time: 00:17:29

Health: 0/41       AC:  9    Str: 23 (25) XL:     4   Next: 32%
Magic:  4/4        EV: 11    Int:  5 (6)  God:    Trog [**....]
Gold:   114        SH:  0    Dex:  9      Spells: 3/3 levels left

rFire   . . .      SeeInvis .   a - +0 hand axe
rCold   . . .      Faith    .   (no shield)
rNeg    . . .      Spirit   .   h - +4 ring mail of Lilanimp {rPois}
rPois   +          Reflect  .   (no helmet)
rElec   .          Harm     .   (no cloak)
rCorr   .          Rampage  .   (no gloves)
Will    .....                   (no boots)
Stlth   ..........              (no amulet)
HPRegen 0.13/turn               (no ring)
MPRegen 0.09/turn               (no ring)

@: no status effects
A: talons 1, strong 1
a: Renounce Religion, Berserk, Trog's Hand


You were on level 3 of the Dungeon.
You worshipped Trog.
Trog was pleased with you.
You visited 1 branch of the dungeon, and saw 3 of its levels.

You collected 114 gold pieces.

Inventory:

Hand Weapons
 a - a +0 hand axe (weapon)
 f - a +0 spear
Missiles
 d - 25 stones (quivered)
Armour
 c - a +0 chain mail
 h - the +4 ring mail of Lilanimp (worn) {rPois}
   (You found it on level 3 of the Dungeon)

   rPois:     It protects you from poison.
Scrolls
 g - a scroll of identify
Potions
 b - a potion of resistance {unknown}


   Skills:
 + Level 4.5 Fighting
 * Level 5.2 Axes
 + Level 3.1 Armour
 + Level 1.6 Dodging


You had 3 spell levels left.
You didn't know any spells.
Your spell library contained the following spells:

 Spells                   Type           Power      Damage    Failure   Level
 Apportation              Tloc           0%         N/A       63%         1
 Necrotise                Necr           0%         1d4       63%         1
 Summon Small Mammal      Summ           0%         N/A       63%         1


Dungeon Overview and Level Annotations

Branches:
Dungeon (3/15)

Altars:

Shops:
D:1 ?


Innate Abilities, Weirdness & Mutations

You have sharp toenails.
Your muscles are strong. (Str +4, Int/Dex -1)


Message History

The hobgoblin hits you but does no damage.
The gnoll hits you but does no damage.
You slash the goblin!
You kill the goblin!
Trog accepts your kill.
You barely miss the hobgoblin.
The gnoll hits you from afar with a +0 spear.
The hobgoblin hits you but does no damage.
The gnoll hits you from afar with a +0 spear.
The hobgoblin barely misses you.
You slash the hobgoblin!
You kill the hobgoblin!
Trog accepts your kill. The gnoll barely misses you.
You hit Robin. You claw Robin, but do no damage.
Robin is moderately wounded.
The gnoll hits you but does no damage. Robin hits you with a +0 club.
You barely miss Robin. Your kick misses Robin.
Robin is moderately wounded.
The gnoll misses you. Robin barely misses you.
You slash Robin! Your punch misses Robin.
Robin is severely wounded.
The gnoll hits you from afar with a +0 spear.
Robin misses you.
You hit Robin.
Robin is almost dead.
Robin barely misses you.
The gnoll hits you from afar with a +0 spear.
* * * LOW HITPOINT WARNING * * *
You barely miss Robin.
Robin is almost dead.
Robin hits you but does no damage.
The gnoll hits you from afar with a +0 spear!
* * * LOW HITPOINT WARNING * * *
Unknown command.
You barely miss Robin. You claw Robin.
You kill Robin!
Trog accepts your kill.
The gnoll hits you from afar with a +0 spear.
You die...

...###...#.#...###...#
#..#...#.#...#..#.##
#..†###...###... ..
#.....#...#..... .#
#.....###...###...###
#....#...#.......#
####.#...###...### #
#...#g.#)#..#
.!###...#@#...# ...
ggg..#)# ...$ ##
..g###.)g ##.:. g.#
.#.#. #.. ## ..#.#..
## .. #.# .. .## ...
##. .. ... ..


You could see a gnoll.

Vanquished Creatures
  Robin (D:3)
  2 gnolls (D:3)
  2 adders
  A dart slug (D:2)
  An orc (D:3)
  3 ball pythons
  4 bats (D:1)
  2 endoplasms (D:3)
  7 goblins
  5 hobgoblins
  2 frilled lizards
  4 kobolds (D:1)
  2 rats
36 creatures vanquished.

Vanquished Creatures (others)
  A goblin (D:3)
  12 plants (D:1)
13 creatures vanquished.

Grand Total: 49 creatures vanquished

Notes
Turn   | Place    | Note
-------+----------+-------------------------------------------
     0 | D:1      | Mickster the Hill Orc Berserker began the quest for the
                  | Orb.
     0 | D:1      | Reached XP level 1. HP: 19/19 MP: 1/1
   195 | D:1      | Found Vousac's Magic Scroll Shop.
   502 | D:1      | Reached XP level 2. HP: 27/27 MP: 2/2
   890 | D:2      | Found a faded altar of an unknown god.
   973 | D:2      | Reached XP level 3. HP: 30/33 MP: 3/3
  1037 | D:2      | Gained mutation: You have sharp toenails. [potion of
                  | mutation]
  1037 | D:2      | Gained mutation: Your muscles are strong. (Str +4, Int/Dex
                  | -1) [potion of mutation]
  1273 | D:3      | Identified the +4 ring mail of Lilanimp {rPois}
  1385 | D:3      | Noticed Robin
  1395 | D:3      | Reached skill level 5 in Axes
  1398 | D:3      | Reached XP level 4. HP: 20/41 MP: 4/4
  1401 | D:3      | Reached ** piety under Trog
  1404 | D:3      | HP: 1/41 [gnoll/+0 spear (7)]
  1413 | D:3      | HP: 1/41 [gnoll/+0 spear (7)]
  1414 | D:3      | Killed Robin
  1414 | D:3      | Slain by a gnoll

Illustrated notes

Levels and vault maps discovered:
D:1:      zelgadis_glass_arrival_small, layout_basic, serial_shops,
          nicolae_diamond_shop, serial_bayou_pond_c, minmay_fountain_box
D:2:      layout_basic, ebering_ecumenical_altar_petrified,
          kennysheep_jessica_study
D:3:      layout_basic, mainiacjoe_overflow_alcove_4, minmay_misc_feat_square,
          nicolae_titane, uniq_robin

Skill      XL: |  1  2  3 |
---------------+----------+-----
Fighting       | 4 |  4.5
Axes           | 5 |  5.2
Armour         | 3 |  3.1
Dodging        | |  1.6

Action                   |  1- 3 |  4- 6 || total
-------------------------+-------+-------++-------
Melee: Hand axe          |    95 |    16 ||   111
       Punch             |     1 |       ||     1
       Kick              |     5 |     4 ||     9
Throw: Stone             |     2 |       ||     2
  Use: Potion            |     6 |     1 ||     7
       Scroll            |     5 |       ||     5
Armor: Chain mail        |    51 |       ||    51
       Ring mail         |    10 |    11 ||    21
Dodge: Dodged            |    46 |    14 ||    60
